 Dungeon Crawl Stone Soup version 0.28.0-43-g3370ac3207 (webtiles) character file.

Game seed: 14102720066055950163

522 pkoi the Insei (level 7, -4/59 HPs)
             Began as a Black Draconian Monk on Mar 11, 2022.
             Killed from afar by a steam dragon (21 damage)
             ... with a ball of steam
             ... on level 5 of the Dungeon.
             The game lasted 00:03:58 (4200 turns).

pkoi the Insei (Black Draconian Monk)               Turns: 4200, Time: 00:03:59

Health: -4/59      AC: 10    Str: 20    XL:     7   Next: 1%
Magic:  7/7        EV: 13    Int: 12    God:
Gold:   147        SH:  0    Dex: 14    Spells: 6/6 levels left

rFire   . . .      SeeInvis .   b - +5 hand axe of Defiance {elec, rN+ Str+7}
rCold   . . .      Faith    .   (no shield)
rNeg    + + .      Spirit   .   (armour unavailable)
rPois   .          Reflect  .   (helmet restricted)
rElec   +          Harm     .   a - +1 cloak
rCorr   .          Rampage  .   f - +0 pair of gloves
Will    .....                   i - +0 pair of boots
Stlth   ++........              (no amulet)
HPRegen 0.19/turn               k - ring of positive energy
MPRegen 0.10/turn               (no ring)

@: short of breath
A: breathe lightning, AC +6, unfitting armour, electricity resistance,
cold-blooded
a: Breathe Lightning


You were on level 5 of the Dungeon.
You visited 1 branch of the dungeon, and saw 5 of its levels.

You collected 147 gold pieces.

Inventory:

Hand Weapons
 b - the +5 hand axe of Defiance (weapon) {elec, rN+ Str+7}
   (You found it on level 2 of the Dungeon)

   It occasionally discharges a powerful burst of electricity upon striking a
   foe.
   Str:       It affects your strength (+7).
   rN:        It protects you from negative energy.
Armour
 a - a +1 cloak (worn)
 f - a +0 pair of gloves (worn)
 i - a +0 pair of boots (worn)
Jewellery
 k - a ring of positive energy (left hand)
 n - a +6 ring of intelligence
Scrolls
 j - 2 scrolls of amnesia
 l - a scroll of enchant armour {unknown}
Potions
 c - a potion of magic
 d - 2 potions of curing {unknown}
 e - a potion of ambrosia
 g - a potion of resistance {unknown}
 h - a potion of degeneration {unknown}
 m - a potion of heal wounds {unknown}
 o - a potion of mutation {unknown}


   Skills:
 + Level 4.3 Fighting
 + Level 3.5 Dodging
 + Level 3.0 Stealth
 + Level 6.7 Unarmed Combat


You had 6 spell levels left.
You didn't know any spells.
Your spell library contained the following spells:

 Spells                   Type           Power      Damage    Failure   Level
 Sting                    Tmut/Pois      0%         1d3       32%         1
 Poisonous Vapours        Pois/Air       0%         N/A       45%         2
 Olgreb's Toxic Radiance  Pois           0%         N/A       97%         4


Dungeon Overview and Level Annotations

Branches:
Dungeon (5/15)
 Temple: D:4-7

Altars:

Shops:
D:4 *


Innate Abilities, Weirdness & Mutations

You can breathe wild blasts of lightning.
Your glossy black scales are hard. (AC +6)
You cannot fit into any form of body armour.
You are resistant to electric shocks. (rElec)
You are cold-blooded and may be slowed by cold attacks.


Message History

The steam dragon closely misses you. The steam dragon barely misses you.
Unknown command.
Unknown command.
Activating: Breathe Lightning (5% risk of failure)
Press: ? - help, Dir - look around, f - activate You breathe a wild blast of lightning!
You hear a mighty clap of thunder!
The bolt of lightning misses the steam dragon.
You hear a clap of thunder!
You hear a mighty clap of thunder! x2
You are engulfed in a cloud of scalding steam.
* * * LOW HITPOINT WARNING * * *
You hear a shout!
The steam dragon breathes steam at you. The ball of steam hits you!
* * * LOW HITPOINT WARNING * * *
Unknown command.
Unknown command.
Unknown command.
Unknown command.
Unknown command.
Unknown command.
Really walk into that cloud of steam? [Y]es or [N]o only, please.
Really walk into that cloud of steam? [Y]es or [N]o only, please.
Really walk into that cloud of steam?
Okay, then.
You closely miss the steam dragon.
You punch the steam dragon, but do no damage.
The steam dragon is moderately wounded.
The steam dragon bites you.
* * * LOW HITPOINT WARNING * * *
The steam dragon barely misses you.
Unknown command.
Something unseen opens the door.
A water moccasin skeleton comes into view.
A scorpion comes into view.
The steam dragon breathes steam at you. The ball of steam hits you!!
You die...

####
#....#######.###
.....T.<.......
. ##@####.#.##.
.. #.§D.†......
... ####.##.####
.T..#####.#
#........#
#........##
#.....<...#
#.......###
#.......#


You could see a troll and a steam dragon (catching breath).

Vanquished Creatures
  A water moccasin (D:4)
  3 scorpions (D:4)
  An iguana (D:5)
  A howler monkey skeleton (D:5)
  4 gnolls
  8 adders
  3 worms
  5 dart slugs
  An orc (D:3)
  7 bats
  4 endoplasms
  11 giant cockroaches
  7 goblins
  2 hobgoblins
  2 jackals (D:1)
  4 kobolds
  4 quokkas
  8 ball pythons
  3 frilled lizards
  9 rats
88 creatures vanquished.

Notes
Turn   | Place    | Note
-------+----------+-------------------------------------------
     0 | D:1      | pkoi the Draconian Monk began the quest for the Orb.
     0 | D:1      | Reached XP level 1. HP: 19/19 MP: 1/1
     3 | D:1      | Noticed an electric eel
     4 | D:1      | Noticed an electric eel
    95 | D:1      | Reached XP level 2. HP: 26/26 MP: 2/2
   291 | D:1      | Reached skill level 4 in Unarmed Combat
   439 | D:1      | Reached XP level 3. HP: 14/31 MP: 3/3
  1076 | D:2      | Found a faded altar of an unknown god.
  1203 | D:2      | Identified the +5 hand axe of Defiance {elec, rN+ Str+7}
  1256 | D:2      | Identified the +0 cloak of the Land of Plenty {rPois Dex+4
                  | Slay-5}
  1527 | D:2      | Reached XP level 4. HP: 38/38 MP: 4/4
  1533 | D:2      | Reached skill level 5 in Unarmed Combat
  2617 | D:2      | Reached XP level 5. HP: 13/45 MP: 5/5
  3060 | D:3      | Reached skill level 6 in Unarmed Combat
  3401 | D:4      | Reached XP level 6. HP: 42/52 MP: 6/6
  3604 | D:4      | Noticed a water moccasin
  3611 | D:4      | Killed a water moccasin
  3717 | D:4      | Found Ronam's Lightly-Used Armoury.
  4145 | D:5      | Entered Level 5 of the Dungeon
  4145 | D:5      | Noticed a steam dragon
  4145 | D:5      | Noticed a troll
  4194 | D:5      | Your scales start taking on a glossy black colour.
  4194 | D:5      | Reached XP level 7. HP: 59/59 MP: 7/7
  4194 | D:5      | Gained mutation: You are resistant to electric shocks.
                  | (rElec) [Black Draconian growth]
  4200 | D:5      | Killed from afar by a steam dragon

Illustrated notes

Levels and vault maps discovered:
D:1:      arrival_aquarium_b, layout_basic
D:2:      layout_loops_ring, shapermc_ecumenical_altar_ellora,
          minmay_worlds_worst_comb
D:3:      layout_rooms
D:4:      layout_basic, minivault_23, minmay_misc_feat_doors,
          minmay_shop_damaged
D:5:      layout_basic, chequers_jeans, uniq_crazy_yiuf_cottage, uniq_eustachio

Skill      XL: |  1  2  3  4  5  6 |
---------------+-------------------+-----
Unarmed Combat | 4 5 6 |  6.7
Stealth        | 2 3 |  3.0
Dodging        | 3 |  3.5
Fighting       | 4 |  4.3

Action                   |  1- 3 |  4- 6 |  7- 9 || total
-------------------------+-------+-------+-------++-------
Melee: Unarmed           |   100 |       |       ||   100
       Tailslap          |    15 |     7 |     1 ||    23
       Punch             |     2 |     4 |     1 ||     7
       Hand axe          |    20 |    96 |     3 ||   119
 Abil: Breathe Lightning |       |       |     1 ||     1
  Use: Scroll            |     3 |     6 |       ||     9
 Stab: Sleeping          |     9 |     5 |       ||    14
Armor: Skin              |    51 |    39 |     1 ||    91
Dodge: Dodged            |    71 |    75 |     4 ||   150
